 Dungeon Crawl Stone Soup version 0.22.1-2-g9c5b331 (webtiles) character file.

8945 MalarOregon the Spear-Bearer (level 11, 0/87 HPs)
             Began as a Merfolk Ice Elementalist on Nov 21, 2018.
             Was an Elder of Nemelex Xobeh.
             Slain by a polar bear (15 damage)
             ... on level 2 of the Lair of Beasts.
             The game lasted 00:51:05 (17235 turns).

MalarOregon the Spear-Bearer (MfIE)                Turns: 17235, Time: 00:51:06

Health: 0/87       AC:  7    Str:  8    XL:     11   Next: 38%
Magic:  0/23       EV: 18    Int: 17    God:    Nemelex Xobeh [****..]
Gold:   626        SH:  5    Dex: 16    Spells: 5/26 levels left

rFire    . . .     SeeInvis .   C - +0 trident
rCold    . . .     Gourm    .   N - +0 buckler
rNeg     . . .     Faith    .   a - +1 robe
rPois    .         Spirit   .   p - +2 hat
rElec    .         Reflect  .   (no cloak)
rCorr    +         Harm     .   f - +0 pair of gloves
MR       .....                  y - +0 pair of boots
Stlth    ++........             (no amulet)
HPRegen  0.24/turn              z - ring of resist corrosion
MPRegen  0.18/turn              (no ring)

@: about to teleport, very slightly contaminated
A: change form in water, swift swim, stealthy swim
a: Triple Draw, Deal Four, Renounce Religion


You were on level 2 of the Lair of Beasts.
You worshipped Nemelex Xobeh.
Nemelex Xobeh was greatly pleased with you.
You were not hungry.

You visited 3 branches of the dungeon, and saw 12 of its levels.

You collected 626 gold pieces.

Inventory:

Hand Weapons
 w - a +3 blowgun
   (You took it off a kobold on level 3 of the Dungeon)
 C - a +0 trident (weapon)
   (You took it off an orc on level 8 of the Dungeon)
 K - the +8 long sword "Worm's Wrath" {flame, *Drain Str+5 Int-4 Dex+7, unknown}
   (You found it on level 1 of the Lair of Beasts)

   It has been specially enchanted to burn those struck by it, causing extra
   injury to most foes and up to half again as much damage against particularly
   susceptible opponents.
   Big, fiery blades are also staple armaments of hydra-hunters.
   It affects your strength (+5).
   It affects your intelligence (-4).
   It affects your dexterity (+7).
   It causes draining when unequipped.
Missiles
 n - 3 throwing nets {!f}
 u - 15 tomahawks (quivered)
 x - 68 poisoned needles
Armour
 a - a +1 robe (worn)
 f - a +0 pair of gloves (worn)
   (You found it on level 7 of the Dungeon)
 p - a +2 hat (worn)
   (You found it on level 2 of the Dungeon)
 y - a +0 pair of boots (worn)
   (You found it on level 4 of the Dungeon)
 F - a cursed -2 shield
   (You found it on level 8 of the Dungeon)
 G - the +0 ring mail of Lifelessness {MP+9, unknown}
   (You found it on level 9 of the Dungeon)

   It affects your magic capacity (+9).
 N - a +0 buckler (worn)
   (You found it on level 1 of the Lair of Beasts)
Jewellery
 z - a ring of resist corrosion (left hand)
   (You found it on level 4 of the Dungeon)
Wands
 j - a wand of enslavement (12)
   (You found it on level 6 of the Dungeon)
 t - a wand of flame (32)
   (You found it on level 7 of the Dungeon)
 v - a wand of digging (14)
   (You found it on level 3 of the Dungeon)
Scrolls
 b - 3 scrolls of remove curse {@r2}
 c - 4 scrolls of amnesia
 h - 5 scrolls of fog
 i - 6 scrolls of immolation {!r}
 l - a scroll of teleportation {@r4}
 m - a scroll of enchant armour
 q - 4 scrolls of magic mapping
 r - 5 scrolls of identify {@r1}
 B - 2 scrolls of vulnerability {!r}
Potions
 d - a potion of resistance
 k - a potion of agility
 o - 5 potions of curing {@q1}
 s - a potion of mutation {!q}
 A - a potion of flight
 E - a potion of heal wounds {@q2}
 I - 2 potions of ambrosia
 L - a potion of lignification {unknown}
Miscellaneous
 g - a plain deck of summoning {drawn: 5}
   (Nemelex Xobeh gifted it to you on level 5 of the Dungeon)
 D - a plain deck of summoning
   (Nemelex Xobeh gifted it to you on level 9 of the Dungeon)
 H - a plain deck of destruction
   (Nemelex Xobeh gifted it to you on level 9 of the Dungeon)
 J - a plain deck of escape
   (Nemelex Xobeh gifted it to you on level 1 of the Lair of Beasts)
 M - an ornate deck of summoning
   (Nemelex Xobeh gifted it to you on level 1 of the Lair of Beasts)
Comestibles
 e - 19 rations {!d}
 O - 6 chunks of flesh


   Skills:
 + Level 8.3 Fighting
 + Level 10.6 Polearms
 + Level 8.5 Dodging
 - Level 2.1 Stealth
 + Level 2.4 Shields
 + Level 8.0 Spellcasting
 - Level 0.7 Conjurations
 + Level 7.9 Ice Magic
 + Level 0.3 Poison Magic
 + Level 5.7 Invocations


You had 5 spell levels left.
You knew the following spells:

 Your Spells              Type           Power        Failure   Level  Hunger
a - Freeze                Ice            ####         1%          1    None
b - Ozocubu's Armour      Chrm/Ice       ###.....     8%          3    #......
c - Throw Icicle          Conj/Ice       ###.....     22%         4    ###....
d - Summon Ice Beast      Ice/Summ       ###.....     26%         4    ###....
e - Blink                 Tloc           N/A          19%         2    None
f - Mephitic Cloud        Conj/Pois/Air  #.......     32%         3    #......
g - Poisonous Vapours     Pois/Air       #.....       19%         2    None
x - Throw Frost           Conj/Ice       ###...       3%          2    None

Your spell library contained the following spells:

 Spells                   Type           Power        Failure   Level  Hunger
 Ensorcelled Hibernation  Hex/Ice        ###...       3%          2    None
 Magic Dart               Conj           #...         10%         1    None
 Flame Tongue             Conj/Fire      #....        11%         1    None
 Shock                    Conj/Air       #...         11%         1    None
 Corona                   Hex            #......      13%         1    None
 Summon Small Mammal      Summ           #...         13%         1    None
 Throw Flame              Conj/Fire      #.....       17%         2    None
 Call Imp                 Summ           #.......     19%         2    None
 Slow                     Hex            #.......     19%         2    None
 Swiftness                Chrm/Air       #.......     19%         2    None
 Conjure Flame            Conj/Fire      #.......     32%         3    #......
 Dazzling Spray           Conj/Hex       #.....       32%         3    #......
 Static Discharge         Conj/Air       #.......     32%         3    #......
 Call Canine Familiar     Summ           #.......     36%         3    #......
 Confuse                  Hex            #.......     36%         3    #......
 Inner Flame              Hex/Fire       #.......     36%         3    #......
 Portal Projectile        Hex/Tloc       #.....       36%         3    #......
 Summon Guardian Golem    Hex/Summ       #.......     36%         3    #......
 Tukima's Dance           Hex            #.......     36%         3    #......
 Sticky Flame             Conj/Fire      #.......     73%         4    ###....
 Airstrike                Air            #.........   77%         4    ###....
 Cause Fear               Hex            #.........   77%         4    ###....
 Leda's Liquefaction      Hex/Erth       #.........   77%         4    ###....
 Summon Lightning Spire   Summ/Air       #.......     77%         4    ###....
 Fireball                 Conj/Fire      #.........   97%         5    #####..
 Lightning Bolt           Conj/Air       #.........   97%         5    #####..
 Freezing Cloud           Conj/Ice/Air   ###.......   99%         6    ######.
 Ring of Flames           Chrm/Fire      #.........   100%        7    #######


Dungeon Overview and Level Annotations

Branches:
Dungeon (9/15)             Temple (1/1) D:5            Lair (2/6) D:9
    Orc (0/2) D:9
  Swamp: Lair:2-4    Shoals: Lair:2-4     Snake: Lair:2-4    Spider: Lair:2-4

Altars:
Ashenzari
Cheibriados
Dithmenos
Elyvilon
Fedhas
Gozag
Hepliaklqana
Kikubaaqudgha
Makhleb
Nemelex Xobeh
Okawaru
Qazlal
Ru
Sif Muna
Trog
Uskayaw
Vehumet
Wu Jian
Xom
Yredelemnul
Zin
The Shining One
Beogh

Annotations:
Lair:2 exclusion: oklob plant


Message History

The polar bear claws you but does no damage.
A chill wind blows around you.
The wolf bites your ice beast but does no damage.
The polar bear completely misses you. The polar bear claws you.
The polar bear barely misses you. The wolf bites your ice beast!
A black bear comes into view.
You puncture the polar bear! The wolf bites your ice beast.
The polar bear closely misses you.
The polar bear claws you but does no damage.
The polar bear barely misses you.
You hit the polar bear but do no damage.
Your ice beast closely misses the wolf.
The wolf bites your ice beast!
The polar bear goes berserk!
You hit the polar bear but do no damage.
The wolf barely misses your ice beast.
Your ice beast closely misses the wolf.
You block the polar bear's attack. The polar bear completely misses you.
The polar bear closely misses you.
You puncture the polar bear! The wolf bites your ice beast.
The polar bear completely misses you. You block the polar bear's attack.
The polar bear closely misses you. The wolf bites your ice beast!
Your ice beast dies!
You hear a croak.
You closely miss the polar bear.
A spiny frog comes into view.
You block the polar bear's attack. The polar bear completely misses you.
The polar bear barely misses you.
You barely miss the polar bear. The polar bear completely misses you.
The polar bear claws you but does no damage.
The polar bear claws you. The wolf misses you.
Aim: a polar bear (almost dead, berserk, fast, unusually strong, poisoned)
You freeze the polar bear.
The polar bear resists.
The polar bear bites you!!
* * * LOW HITPOINT WARNING * * *
The polar bear barely misses you. The polar bear closely misses you.
You block the wolf's attack. The polar bear barely misses you.
The polar bear claws you but does no damage.
You block the polar bear's attack.
As you read the scroll of teleportation {@r4}, it crumbles to dust.
You feel strangely unstable.
The polar bear looks more healthy.
The wolf bites you.
* * * LOW HITPOINT WARNING * * *
The polar bear bites you!
* * * LOW HITPOINT WARNING * * *
You block the polar bear's attack. x2; The wolf bites you!
* * * LOW HITPOINT WARNING * * *
The spiny frog closely misses you.
Some of the chunks of flesh in your inventory have rotted away.
Unknown command.
The polar bear bites you!
You die...
Your body glows with a rainbow of weird colours and disappears.

.##.....Y.P#....
..............#
..........##..#
....####..##..#
.#..####.###..####
..........#.#.#.#..
..........<........
........hh#รท#.#.#..
.......@F..........
..#.####h##.#.#.#.. .
######l#.........
#......##.#.#.###
.......#.)...##......#
.......#.....##........
......+.......#....#.[.
......##.....##.....#..
.............##....##..


You could see a polar bear (berserk), a komodo dragon, a spiny frog, a black
bear and a wolf.

Vanquished Creatures
  Joseph (D:8)
  A spiny frog (Lair:1)
  A hornet (D:8)
  2 hippogriffs (Lair:1)
  A spriggan (Lair:2)
  A wyvern (D:8)
  A yak (Lair:2)
  A basilisk (Lair:1)
  Menkaure (D:5)
  2 soldier ants (D:8)
  Duvessa (D:7)
  4 water moccasins
  A porcupine (Lair:1)
  2 orc warriors (D:9)
  4 sky beasts
  A black bear (D:6)
  4 phantoms
  An ice beast (D:6)
  3 slaves (D:6)
  A necrophage (D:7)
  4 ogres
  3 centaurs
  2 crocodiles
  13 bullfrogs
  Dowan (D:7)
  A wyvern skeleton (D:7)
  3 scorpions
  6 killer bees (D:9)
  3 howler monkeys
  3 crimson imps
  A quasit (D:9)
  2 orc priests (D:9)
  5 hounds
  A bullfrog zombie (D:9)
  A jelly (D:6)
  A bullfrog skeleton (D:9)
  A centaur zombie (D:8)
  3 centaur skeletons (D:4)
  A gnoll shaman (D:8)
  Ijyb (D:3)
  4 orc wizards
  13 worker ants
  An iguana (D:6)
  A hound zombie (D:5)
  A hound skeleton (D:8)
  Robin (D:2)
  8 gnolls
  13 adders
  5 shadow imps
  An ooze (D:5)
  An adder zombie (D:7)
  4 adder skeletons
  A worm (D:3)
  3 dart slugs
  5 leopard geckos
  26 orcs
  A ball python (D:5)
  2 giant cockroaches
  13 hobgoblins
  2 jackals (D:3)
  4 quokkas
  4 bats
  4 frilled lizards
  14 goblins
  11 kobolds
  8 rats
241 creatures vanquished.

Vanquished Creatures (collateral kills)
  Harold (D:7)
  Pikel (D:6)
  An ugly thing (D:8)
  An orc warrior (D:9)
  14 orcs
18 creatures vanquished.

Vanquished Creatures (others)
  A hound (D:9)
  A quokka zombie (D:9)
  A plant (Lair:2)
3 creatures vanquished.

Grand Total: 262 creatures vanquished

Notes
Turn   | Place    | Note
-------+----------+-------------------------------------------
     0 | D:1      | MalarOregon the Merfolk Ice Elementalist began the quest
                  | for the Orb.
     0 | D:1      | Reached XP level 1. HP: 13/13 MP: 3/3
   315 | D:1      | Reached XP level 2. HP: 6/20 MP: 0/5
   785 | D:1      | Learned a level 2 spell: Throw Frost
   822 | D:1      | Reached skill level 1 in Fighting
  1075 | D:1      | HP: 1/21 [rat (2)]
  1110 | D:1      | HP: 1/21 [rat (3)]
  1173 | D:1      | HP: 1/21 [hobgoblin/club (4)]
  1421 | D:1      | Reached XP level 3. HP: 23/26 MP: 3/6
  1881 | D:2      | Learned a level 3 spell: Ozocubu's Armour
  2360 | D:2      | Reached XP level 4. HP: 17/33 MP: 0/7
  3206 | D:3      | Noticed Ijyb
  3255 | D:3      | Killed Ijyb
  3255 | D:3      | Reached XP level 5. HP: 38/39 MP: 3/9
  3348 | D:3      | Noticed Robin
  3415 | D:2      | Killed Robin
  4178 | D:3      | Reached skill level 1 in Polearms
  4498 | D:4      | Reached skill level 2 in Polearms
  4498 | D:4      | Reached XP level 6. HP: 38/46 MP: 5/10
  4700 | D:4      | Found a shadowy altar of Dithmenos.
  4700 | D:4      | Noticed a phantom
  5273 | D:4      | Reached skill level 3 in Polearms
  5522 | D:4      | Reached skill level 5 in Ice Magic
  5522 | D:4      | Reached XP level 7. HP: 44/52 MP: 9/12
  5861 | D:5      | Entered Level 5 of the Dungeon
  6054 | D:5      | Noticed Menkaure
  6200 | D:5      | Reached skill level 4 in Polearms
  6438 | D:5      | Reached skill level 5 in Dodging
  6982 | D:5      | Found a staircase to the Ecumenical Temple.
  7003 | Temple   | Entered the Ecumenical Temple
  7305 | Temple   | Became a worshipper of Nemelex Xobeh the Trickster
  7369 | D:5      | Received a gift from Nemelex Xobeh
  7388 | D:5      | Reached XP level 8. HP: 61/61 MP: 10/14
  7394 | D:5      | Learned a level 4 spell: Summon Ice Beast
  7399 | D:5      | Learned a level 4 spell: Throw Icicle
  7553 | D:5      | Reached skill level 5 in Polearms
  7848 | D:5      | Reached skill level 1 in Invocations
  8442 | D:5      | Killed Menkaure
  8442 | D:5      | Reached skill level 5 in Fighting
  9033 | D:6      | Reached skill level 6 in Polearms
  9033 | D:6      | Reached skill level 5 in Spellcasting
  9298 | D:6      | Noticed Pikel
  9593 | D:6      | Killed Pikel
  9593 | D:6      | Reached skill level 7 in Polearms
  9593 | D:6      | Reached XP level 9. HP: 15/69 MP: 1/17
  9865 | D:6      | Reached * piety under Nemelex Xobeh
 10034 | D:7      | Learned a level 2 spell: Blink
 10038 | D:7      | Learned a level 3 spell: Mephitic Cloud
 10088 | D:7      | Noticed Duvessa
 10088 | D:7      | Noticed Dowan
 10101 | D:7      | Killed Duvessa
 10107 | D:7      | Killed Dowan
 10823 | D:7      | Noticed Harold
 10880 | D:7      | Killed Harold
 10880 | D:7      | Reached skill level 8 in Polearms
 10880 | D:7      | Reached XP level 10. HP: 21/79 MP: 6/19
 11385 | D:7      | Reached skill level 9 in Polearms
 11945 | D:8      | Noticed Joseph
 12454 | D:8      | Reached ** piety under Nemelex Xobeh
 12454 | D:8      | Noticed a green ugly thing
 12466 | D:8      | Killed a green ugly thing
 12586 | D:8      | Learned a level 2 spell: Poisonous Vapours
 13301 | D:8      | Reached skill level 10 in Polearms
 13596 | D:8      | Killed Joseph
 13860 | D:9      | Found a staircase to the Orcish Mines.
 13891 | D:9      | Reached skill level 5 in Invocations
 13946 | D:9      | Received a gift from Nemelex Xobeh
 13968 | D:9      | Reached skill level 1 in Shields
 14351 | D:9      | Reached XP level 11. HP: 34/86 MP: 5/22
 14652 | D:9      | Found a staircase to the Lair.
 14797 | D:9      | Found a roughly hewn altar of Beogh.
 15104 | D:9      | Got a dazzling ring mail
 15124 | D:9      | Reached *** piety under Nemelex Xobeh
 15124 | D:9      | Received a gift from Nemelex Xobeh
 15654 | Lair:1   | Entered Level 1 of the Lair of Beasts
 15992 | Lair:1   | Received a gift from Nemelex Xobeh
 16258 | Lair:1   | Got a pitted long sword
 16427 | Lair:1   | Received a gift from Nemelex Xobeh
 16490 | Lair:1   | Reached **** piety under Nemelex Xobeh
 17190 | Lair:2   | Noticed an oklob plant
 17235 | Lair:2   | Slain by a polar bear

Skill      XL: |  1  2  3  4  5  6  7  8  9 10 11 |
---------------+----------------------------------+-----
Dodging        | 3 4 5 6 7 8 |  8.5
Fighting       | 1 2 3 4 6 7 8 |  8.3
Ice Magic      | 4 5 6 7 |  7.9
Polearms       | 2 3 4 7 8 10 | 10.6
Spellcasting   | 3 4 5 6 7 8 |  8.0
Invocations    | 2 3 5 |  5.7
Shields        | 1 2 |  2.4
Stealth        | |  2.1
Conjurations   | |  0.7
Poison Magic   | |  0.3

Action                   |  1- 3 |  4- 6 |  7- 9 | 10-12 || total
-------------------------+-------+-------+-------+-------++-------
Melee: Unarmed           |    11 |       |       |       ||    11
       Dagger            |    27 |    16 |       |       ||    43
       Spear             |       |   158 |   514 |   161 ||   833
       Trident           |       |       |       |   216 ||   216
 Fire: Blowgun           |       |     7 |     7 |    28 ||    42
Throw: Stone             |    38 |    21 |    37 |       ||    96
 Cast: Freeze            |    31 |    58 |   124 |   122 ||   335
       Throw Frost       |    26 |    17 |    30 |    32 ||   105
       Ozocubu's Armour  |       |     2 |     9 |     5 ||    16
       Summon Ice Beast  |       |       |     3 |     3 ||     6
       Poisonous Vapours |       |       |       |    69 ||    69
       Throw Icicle      |       |       |       |     3 ||     3
Evoke: Deck              |       |       |     2 |     3 ||     5
  Use: Scroll            |     2 |     4 |     7 |     6 ||    19
       Potion            |       |     4 |     3 |     1 ||     8
 Stab: Sleeping          |       |     9 |     8 |     3 ||    20
       Distracted        |       |       |     2 |       ||     2
  Eat: Chunk             |     7 |     9 |    15 |    18 ||    49
       Ration            |       |     1 |     1 |     1 ||     3
Armor: Robe              |     2 |    35 |    93 |    93 ||   223
Dodge: Dodged            |    35 |   128 |   244 |   388 ||   795
Block: Buckler           |       |       |       |    12 ||    12
